 Dungeon Crawl Stone Soup version 0.24.0-1-gfbc8707122 (webtiles) character file.

Game seed: 17190426588762291604, levelgen mode: deterministic

1837 Descartes the Covert (level 8, -7/36 HPs)
             Began as a Spriggan Air Elementalist on Oct 28, 2019.
             Was an Initiate of Gozag.
             Killed from afar by an electric eel (8 damage)
             ... with a bolt of electricity
             ... on level 7 of the Dungeon.
             The game lasted 00:24:50 (8987 turns).

Descartes the Covert (Spriggan Air Elementalist)    Turns: 8987, Time: 00:24:52

Health: -7/36      AC:  3    Str:  6    XL:     8   Next: 87%
Magic:  18/18      EV: 20    Int: 22    God:    Gozag
Gold:   778        SH:  6    Dex: 16    Spells: 4/19 levels left

rFire    . . .     SeeInvis +   a - +4 dagger
rCold    . . .     Gourm    .   G - +1 buckler {reflect}
rNeg     . . .     Faith    .   f - +0 robe
rPois    +         Spirit   .   (helmet restricted)
rElec    .         Reflect  +   o - +0 cloak {rPois}
rCorr    .         Harm     .   (gloves unavailable)
MR       +....                  (boots unavailable)
Stlth    ++++......             (no amulet)
HPRegen  0.12/turn              r - +2 ring of strength
MPRegen  0.16/turn              y - +3 ring of intelligence

@: very quick
A: very small, unfitting armour, see invisible, herbivore, speed 3, slow
metabolism 2
a: Potion Petition, Call Merchant, Bribe Branch, Renounce Religion


You were on level 7 of the Dungeon.
You worshipped Gozag.
Gozag was pleased with you.
You were hungry.

You visited 2 branches of the dungeon, and saw 8 of its levels.

You collected 994 gold pieces.
You spent 195 gold pieces at shops.
You paid 21 gold pieces to Gozag.

Inventory:

Hand Weapons
 a - a +4 dagger (weapon)
 b - the +8 arbalest of Callousness {venom, +Inv MP+9 Dex+3}
   (You found it on level 3 of the Dungeon)

   It poisons the ammo it fires.
   It affects your dexterity (+3).
   It affects your magic capacity (+9).
   It lets you turn invisible.
 v - a +0 hunting sling
Missiles
 d - 50 bolts
 e - 279 stones (quivered)
 i - 41 arrows
 s - 7 boomerangs
 x - 33 sling bullets
 E - 4 large rocks
 H - 2 throwing nets
Armour
 f - a +0 robe (worn)
 h - a +0 cloak
 o - a +0 cloak of poison resistance (worn)
 G - a +1 buckler of reflection (worn)
Jewellery
 r - a +2 ring of strength (left hand)
 y - a +3 ring of intelligence (right hand)
 C - an uncursed ring of ice
Wands
 A - a wand of digging (4)
 B - a wand of random effects (13)
 J - a wand of flame (22)
Scrolls
 g - 4 scrolls of remove curse
 l - 2 scrolls of immolation {unknown}
 m - 2 scrolls of fear {unknown}
 q - 3 scrolls of teleportation {unknown}
 t - 2 scrolls of enchant armour {unknown}
 z - 2 scrolls of random uselessness {unknown}
 F - a scroll of identify
 I - a scroll of magic mapping {unknown}
Potions
 j - 6 potions of lignification
 k - 2 potions of might
 n - a potion of ambrosia
 p - 4 potions of curing
 u - 2 potions of cancellation
 w - a potion of haste
 D - a potion of agility
Comestibles
 c - 11 rations


   Skills:
 + Level 5.8 Dodging
 + Level 8.0 Stealth
 * Level 1.0 Shields
 + Level 6.2 Spellcasting
 + Level 3.5 Conjurations
 + Level 5.8 Charms
 + Level 5.0 Air Magic
 + Level 3.4 Evocations


You had 4 spell levels left.
You knew the following spells:

 Your Spells              Type           Power        Failure   Level  Hunger
a - Shock                 Conj/Air       ####         2%          1    None
b - Swiftness             Chrm/Air       ####....     2%          2    None
c - Airstrike             Air            ####......   17%         4    ###....
d - Lightning Bolt        Conj/Air       ####......   54%         5    #####..
e - Static Discharge      Conj/Air       ####....     7%          3    #......

Your spell library contained the following spells:

 Spells                   Type           Power        Failure   Level  Hunger


Dungeon Overview and Level Annotations

Branches:
Dungeon (7/15)             Temple (1/1) D:6

Altars:
Ashenzari
Cheibriados
Dithmenos
Elyvilon
Fedhas
Gozag
Hepliaklqana
Kikubaaqudgha
Makhleb
Nemelex Xobeh
Okawaru
Qazlal
Ru
Sif Muna
Trog
Uskayaw
Vehumet
Wu Jian
Xom
Yredelemnul
Zin
The Shining One

Shops:
D:6 [

Annotations:
D:7 1 transporter


Innate Abilities, Weirdness & Mutations

You are very small and have problems with some larger weapons.
You are too small for most types of armour.
You have supernaturally acute eyesight. (SInv)
You are a herbivore.
You cover ground extremely quickly.
You need to consume almost no food.


Message History

You start resting.
HP restored.
You now have 773 gold pieces (gained 9).
You now have 778 gold pieces (gained 5).
A kobold comes into view. It is carrying a wand of polymorph (7).
The kobold moves out of view.
There is a transporter here.
You enter the transporter and appear at another place.
J - a wand of flame (22)
You open the door.
The electric eel shoots out a bolt of lightning at you!
The bolt of electricity hits you! x2; The bolt of electricity hits the plant!
There is an open door here.
The electric eel shoots out a bolt of lightning at you!
The bolt of electricity hits you!
* * * LOW HITPOINT WARNING * * *
The electric eel shoots out a bolt of lightning at you!
The bolt of electricity hits you!
You die...
Your body crumbles into a pile of gold.

.....#8.©.8#.# #.# ####.#P.).P#.#
#.# #.###+###.# #.# #.#≈...≈#.#
#.# #.#≈...≈#.# #.# #.#≈...≈#.#
#.# ###.#≈.♣.≈#.# #.# ####
....#≈...≈#.#####.# #...
#.#≈.@.;#.##....# #.##
#.#≈...;#.##.#### #.# .#
#.###'###.##.# #.# .#
##.#P...P#.##.# #.# .#
#..#8.©.8#.##.## #.#
.##########..#######.#.#.#####.#
................©.....###......#
.##.......#.###......#.#.########
.##.#####.#......##.###.## #....


You could see 2 electric eels.

Vanquished Creatures
  An orc warrior (D:6)
  A sky beast (D:5)
  An ice beast (D:4)
  4 ogres
  A big kobold (D:7)
  2 bullfrogs (D:6)
  7 wights
  A crimson imp (D:7)
  An orc wizard (D:6)
  4 hounds
  2 bullfrog skeletons
  2 orc priests
  2 iguanas
  A centaur skeleton (D:4)
  5 worker ants
  2 killer bee zombies
  A hound skeleton (D:5)
  8 adders
  An ooze (D:2)
  2 adder skeletons
  5 worms
  5 leopard geckos
  6 orcs
  3 ball pythons
  5 giant cockroaches
  6 goblins
  7 hobgoblins
  12 jackals
  5 bats
  4 frilled lizards
  12 kobolds
  A leopard gecko skeleton (D:5)
  2 quokka skeletons (D:6)
  9 rats
131 creatures vanquished.

Notes
Turn   | Place    | Note
-------+----------+-------------------------------------------
     0 | D:1      | Descartes the Spriggan Air Elementalist began the quest for
                  | the Orb.
     0 | D:1      | Reached XP level 1. HP: 9/9 MP: 5/5
   367 | D:1      | Reached XP level 2. HP: 13/13 MP: 5/7
   473 | D:1      | Reached skill level 1 in Conjurations
  1431 | D:2      | Reached XP level 3. HP: 16/16 MP: 5/8
  1780 | D:2      | Reached skill level 4 in Stealth
  2456 | D:2      | Reached XP level 4. HP: 21/21 MP: 4/10
  2504 | D:2      | Learned a level 2 spell: Swiftness
  2509 | D:2      | Learned a level 4 spell: Airstrike
  2687 | D:2      | Found an opulent altar of Gozag.
  2695 | D:2      | Became a worshipper of Gozag Ym Sagoz the Greedy
  2954 | D:3      | Found a basalt altar of Yredelemnul.
  3308 | D:3      | Reached skill level 1 in Charms
  3407 | D:3      | Got an ancient arbalest
  3409 | D:3      | Identified the +8 arbalest of Callousness {venom, +Inv MP+9
                  | Dex+3} (You found it on level 3 of the Dungeon)
  3570 | D:3      | Reached XP level 5. HP: 16/24 MP: 11/11
  4339 | D:4      | Reached skill level 5 in Stealth
  4340 | D:4      | Noticed an ogre
  4342 | D:4      | Killed an ogre
  4342 | D:4      | Reached XP level 6. HP: 28/28 MP: 13/13
  4922 | D:5      | Entered Level 5 of the Dungeon
  4924 | D:5      | Noticed an ice beast
  4952 | D:4      | Killed an ice beast
  5301 | D:5      | Reached skill level 6 in Stealth
  5301 | D:5      | Reached XP level 7. HP: 19/32 MP: 15/15
  5671 | D:5      | Reached skill level 5 in Spellcasting
  6095 | D:5      | Learned a level 5 spell: Lightning Bolt
  6099 | D:5      | Learned a level 3 spell: Static Discharge
  6237 | D:6      | Found a staircase to the Ecumenical Temple.
  6261 | Temple   | Entered the Ecumenical Temple
  6880 | D:6      | Reached skill level 1 in Evocations
  6948 | D:6      | Reached XP level 8. HP: 32/36 MP: 17/17
  7158 | D:6      | Reached skill level 7 in Stealth
  7229 | D:6      | Reached skill level 5 in Dodging
  7456 | D:6      | Found Xiech's Antique Armour Shoppe.
  7465 | D:6      | Bought a glowing buckler for 195 gold pieces
  7787 | D:6      | Reached skill level 5 in Charms
  8056 | D:7      | Found a transporter.
  8715 | D:7      | Reached skill level 5 in Air Magic
  8783 | D:7      | Found a transporter.
  8877 | D:7      | Reached skill level 1 in Shields
  8881 | D:7      | Reached skill level 8 in Stealth
  8987 | D:7      | HP: 1/36 [electric eel/bolt of electricity (10)]
  8987 | D:7      | Killed from afar by an electric eel

Levels and vault maps discovered:
D:1:      dpeg_arrival_rhombus, layout_loops_ring
D:2:      layout_basic, nicolae_gozag_cash_rules_everything_around_me,
          hangedman_decor_peaks_small
D:3:      layout_loops_ring, yredelemnul_altar_generic, first_ration,
          minmay_checkerbox
D:4:      layout_loops_ring
D:5:      layout_gridville
D:6:      layout_layer_cave, minmay_temple_entry_junction, serial_shops,
          nicolae_shop_stone
D:7:      gammafunk_steamed_eel, layout_loops_ring, grunt_ogre_cave,
          makhleb_heckhound_becter
Temple:   regret_index_temple_chain_breaker

Skill      XL: |  1  2  3  4  5  6  7  8 |
---------------+-------------------------+-----
Spellcasting   | 3 4 5 6 |  6.2
Conjurations   | 1 2 3 |  3.5
Air Magic      | 3 4 5 |  5.0
Stealth        | 4 5 6 8 |  8.0
Charms         | 1 2 3 4 5 |  5.8
Dodging        | 4 5 |  5.8
Evocations     | 1 3 |  3.4
Shields        | 1 |  1.0

Action                   |  1- 3 |  4- 6 |  7- 9 || total
-------------------------+-------+-------+-------++-------
Melee: Short sword       |       |       |     3 ||     3
 Fire: Arbalest          |       |     6 |     6 ||    12
 Cast: Shock             |   115 |   141 |   198 ||   454
       Airstrike         |       |       |     2 ||     2
  Use: Scroll            |       |     4 |     4 ||     8
  Eat: Ration            |       |       |     2 ||     2
Armor: Robe              |     2 |    10 |       ||    12
Dodge: Dodged            |     3 |    49 |    59 ||   111
Block: Buckler           |       |       |     6 ||     6
       Reflection        |       |       |     2 ||     2
